Map: Deathaura LE

Players

PtitDrogo - Winner!

  • Race: Protoss Protoss
  • League: Master
  • Spawn Location: 11:00

SortOf

  • Race: Zerg Zerg
  • League: Grandmaster
  • Spawn Location: 5:00

Event: DreamHack SC2 Masters 2020 Summer Europe

VOD

Have the link to the VOD?

Description

Time

  • Played on: July 8, 2020, 12:18 p.m.
  • Length: 10:49

All games in this series

Show
View Real Time Build Order
Export as new Build Order

PtitDrogo Protoss - Winner!

Build Orders: 1 Gate Expand, Oracle Opening, Archon Immortal 

Get SALT Encoding   

  12  0:00  Probe  
  13  0:12  Probe  
  14  0:17  Pylon  
  14  0:24  Probe  
  15  0:32  Probe  
  15  0:37  Gateway  
  15  0:40  Probe  
  16  0:46  Assimilator  
  17  0:51  Probe  
  18  1:03  Probe  
  19  1:15  Probe  
  20  1:24  Nexus  
  20  1:35  Cybernetics Core  
  20  1:38  Probe  
  21  1:45  Assimilator  
  21  1:50  Probe  
  21  1:52  Pylon  
  22  2:01  Adept  
  22  2:02  Probe  
  23  2:14  Probe  
  26  2:17  Stargate  
  26  2:21  Adept  
  26  2:24  Warp Gate  
  26  2:26  Probe  
  27  2:33  Probe  
  30  2:38  Probe  
  30  2:41  Probe  
  31  2:50  Probe  
  33  2:51  Stalker  
  33  2:53  Probe  
  36  3:00  Oracle  
  36  3:02  Probe  
  36  3:05  Probe  
  41  3:15  Pylon, Probe  
  42  3:20  Probe  
  42  3:25  Oracle  
  43  3:27  Probe  
  43  3:28  Gateway  
  43  3:32  Pylon, Probe  
  48  3:45  Pylon  
  48  3:48  Probe x2  
  50  3:56  Nexus  
  50  4:00  Probe  
  51  4:04  Shield Battery  
  51  4:06  Probe  
  51  4:09  Oracle  
  55  4:13  Probe  
  55  4:16  Assimilator  
  56  4:18  Assimilator, Probe  
  56  4:21  Robotics Facility  
  57  4:26  Probe  
  57  4:30  Probe  
  59  4:37  Probe  
  59  4:40  Probe  
  59  4:45  Forge, Twilight Council, Probe  
  61  4:48  Probe  
  63  4:53  Probe, Pylon  
  63  4:54  Sentry  
  63  4:56  Probe  
  63  4:59  Gateway  
  66  5:01  Gateway  
  66  5:04  Probe  
  66  5:05  Probe  
  68  5:08  Probe  
  68  5:10  Observer  
  68  5:12  Probe  
  71  5:17  Protoss Ground Weapons Level 1, Probe  
  71  5:20  Probe  
  74  5:22  Probe  
  74  5:27  Immortal, Charge  
  75  5:29  Probe  
  75  5:31  Gateway  
  75  5:32  Gateway, Probe  
  77  5:39  Probe  
  82  5:44  Pylon  
  82  5:45  Probe  
  82  5:46  Observer, Probe  
  82  5:48  Pylon  
  84  5:51  Probe  
  84  5:53  Assimilator  
  84  5:54  Assimilator, Templar Archives  
  85  6:00  Probe x2  
  87  6:11  Warp Prism  
  87  6:13  Probe x2  
  87  6:14  Gateway x2  
  87  6:17  Gateway  
  88  6:19  Gateway  
  88  6:21  Gateway  
  90  6:37  High Templar x4  
  98  6:40  Gateway  
  98  6:41  Gateway, Archon x2  
  98  6:44  Pylon  
  98  6:45  Pylon  
  98  6:46  Zealot x2  
  102  6:50  Pylon  
  102  6:51  Immortal  
  102  6:52  Pylon  
  106  7:04  Pylon  
  106  7:06  Pylon  
  106  7:09  High Templar x2  
  106  7:10  Zealot x6  
  106  7:14  Pylon  
  106  7:15  Archon  
  122  7:19  Protoss Ground Weapons Level 2  
  120  7:23  Zealot x3  
  124  7:33  Immortal  
  124  7:34  Nexus  
  124  7:36  Zealot x4  
  134  7:54  High Templar x4  
  134  7:55  Zealot x3  
  146  7:58  Archon  
  146  7:59  Archon  
  146  8:05  Immortal  
  144  8:10  Zealot x4  
  146  8:23  Probe  
  143  8:32  High Templar  
  143  8:33  High Templar, Zealot x8  
  159  8:37  Archon  
  159  8:39  Pylon  
  159  8:44  Immortal  
  163  8:55  Zealot x8  
  175  9:01  Zealot  
  167  9:06  Zealot x2  
  153  9:17  Zealot x6  
  155  9:27  Probe  
  128  9:49  High Templar x5  
  128  9:50  High Templar x4, Zealot x2  
  128  9:52  Assimilator  
  146  9:54  Photon Cannon, Assimilator, Archon x4  
  146  9:55  Shield Battery  
  146  9:56  Immortal  
  146  9:58  Photon Cannon  
  144  10:00  Pylon  
  148  10:12  Photon Cannon, Shield Battery  
  148  10:17  Photon Cannon, Zealot x2  
  152  10:27  Zealot x6  
Show
View Real Time Build Order
Export as new Build Order

SortOf Zerg 

Build Orders: Hatch First, Swarm Host 

Get SALT Encoding   

  12  0:00  Drone  
  13  0:12  Overlord  
  13  0:17  Drone  
  14  0:30  Drone x2  
  16  0:48  Hatchery  
  15  0:51  Drone  
  15  0:55  Drone  
  17  0:59  Drone  
  18  1:10  Extractor  
  17  1:14  Spawning Pool  
  17  1:17  Drone  
  17  1:20  Drone  
  18  1:28  Drone  
  19  1:40  Drone  
  20  1:50  Hatchery  
  20  1:52  Drone  
  20  2:01  Zergling x2  
  20  2:02  Queen  
  23  2:10  Drone  
  23  2:11  Drone  
  25  2:18  Overlord  
  25  2:24  Queen  
  27  2:33  Zergling x2  
  27  2:35  Metabolic Boost  
  28  2:40  Drone x3  
  28  2:44  Drone  
  32  2:49  Queen  
  34  2:54  Overlord  
  33  2:59  Drone x2  
  35  3:08  Overlord  
  35  3:10  Drone x2  
  37  3:13  Queen  
  37  3:18  Drone  
  37  3:19  Drone  
  40  3:20  Spore Crawler  
  40  3:25  Drone x2  
  41  3:30  Drone, Spore Crawler  
  41  3:31  Drone  
  42  3:35  Drone x2  
  42  3:36  Drone  
  42  3:39  Overlord  
  45  3:43  Zergling x4  
  45  3:48  Zergling x4  
  49  3:56  Overlord  
  49  3:59  Drone x4  
  53  4:03  Drone, Overlord  
  53  4:08  Drone  
  55  4:10  Lair  
  55  4:12  Overlord, Extractor  
  55  4:14  Drone x2  
  55  4:16  Spore Crawler  
  55  4:19  Drone x2  
  55  4:23  Overlord  
  57  4:25  Drone x2  
  57  4:26  Drone  
  57  4:29  Drone x2  
  61  4:32  Drone x2  
  58  4:41  Queen  
  58  4:42  Drone x3  
  58  4:45  Drone x2  
  64  4:49  Drone  
  64  4:51  Roach Warren  
  66  4:52  Drone x2  
  66  4:53  Drone  
  66  4:55  Drone  
  66  4:58  Drone  
  69  5:01  Drone x2  
  71  5:07  Overlord  
  71  5:10  Drone x5  
  71  5:11  Evolution Chamber, Drone  
  71  5:12  Extractor x2  
  74  5:15  Drone x2  
  74  5:17  Drone x2  
  77  5:23  Extractor  
  77  5:24  Extractor  
  77  5:26  Drone  
  73  5:29  Drone x2, Infestation Pit  
  73  5:30  Overseer  
  73  5:31  Drone x3  
  77  5:38  Zerg Missile Weapons Level 1  
  77  5:40  Drone  
  77  5:41  Glial Reconstitution  
  77  5:42  Drone  
  79  5:44  Hatchery  
  79  5:47  Drone  
  79  5:49  Roach x3  
  85  5:51  Overlord  
  85  5:54  Roach  
  85  5:57  Overlord  
  89  6:04  Roach x2  
  89  6:06  Queen  
  89  6:07  Overlord  
  93  6:13  Overlord, Swarm Host x3  
  93  6:17  Zergling x2  
  103  6:20  Drone  
  103  6:22  Swarm Host, Nydus Network  
  103  6:23  Swarm Host  
  109  6:27  Roach x2  
  112  6:33  Drone  
  112  6:37  Roach x3  
  119  6:42  Swarm Host x2  
  125  6:48  Swarm Host  
  125  6:49  Overlord x4  
  128  6:59  Nydus Canal  
  128  7:05  Swarm Host x2  
  128  7:06  Overlord  
  134  7:08  Drone x2, Swarm Host  
  134  7:09  Swarm Host  
  134  7:12  Roach x3  
  147  7:21  Swarm Host x2  
  152  7:23  Overlord  
  152  7:33  Nydus Canal  
  152  7:36  Roach x4  
  152  7:37  Roach x3  
  166  7:39  Drone, Overlord, Extractor  
  166  7:40  Drone x2, Overlord, Extractor  
  166  7:43  Zergling x14  
  174  7:57  Nydus Canal, Swarm Host x2  
  180  8:00  Zergling x12  
  186  8:08  Roach x7  
  174  8:21  Roach x6  
  186  8:27  Nydus Canal  
  186  8:30  Overlord  
  183  8:36  Roach x5  
  183  8:37  Overlord  
  193  8:47  Nydus Canal, Overlord  
  191  8:58  Roach x4  
  193  9:03  Hatchery  
  193  9:05  Roach x8  
  178  9:18  Drone x4  
  177  9:24  Roach x2, Ravager x3  
  177  9:25  Ravager  
  177  9:26  Ravager  
  182  9:33  Roach x3  
  182  9:36  Zergling x6  
  189  9:42  Roach x2  
  188  9:48  Swarm Host  
  189  10:00  Roach x5  
  199  10:15  Overlord  
  199  10:19  Nydus Canal  
Tags
 
Add a new tag
Caveats
  • Supply blocks, unpowered buildings, or Contaminate may cause inaccurate times.
  • Supply counts are checked every 10 seconds.